 Dungeon Crawl Stone Soup version 0.28.0-47-ge53b351184 (webtiles) character file.

Game seed: 5171084084095138977

20 Peloso the Shield-Bearer (level 2, 27/27 HPs)
             Began as a Minotaur Fighter on May 6, 2022.
             Got out of the dungeon alive.
             The game lasted 00:01:06 (633 turns).

Peloso the Shield-Bearer (Minotaur Fighter)          Turns: 633, Time: 00:01:07

Health: 27/27      AC:  9    Str: 20    XL:     2   Next: 58%
Magic:  1/1        EV:  7    Int:  5    God:
Gold:   22         SH:  4    Dex:  9    Spells: 1/1 levels left

rFire   + . .      SeeInvis .   a - +0 long sword
rCold   . . .      Faith    .   c - +0 buckler
rNeg    . . .      Spirit   .   h - +0 chain mail
rPois   .          Reflect  .   (helmet restricted)
rElec   .          Harm     .   (no cloak)
rCorr   .          Rampage  .   (no gloves)
Will    .....                   (no boots)
Stlth   ..........              (no amulet)
HPRegen 0.09/turn               (no ring)
MPRegen 0.07/turn               (no ring)

@: no status effects
A: horns 2, retaliatory headbutt, fire resistance 1, inability to read while
threatened
a: no special abilities


You escaped.
You visited 1 branch of the dungeon, and saw 2 of its levels.

You collected 22 gold pieces.

Inventory:

Hand Weapons
 a - a +0 long sword (weapon)
Armour
 b - a +0 scale mail
 c - a +0 buckler (worn)
 h - a +0 chain mail (worn)
Scrolls
 g - a scroll of teleportation
Potions
 d - a potion of might


   Skills:
 + Level 3.9 Fighting
 + Level 2.6 Long Blades
 + Level 4.0 Armour
 + Level 4.2 Shields


You had one spell level left.
You didn't know any spells.
Your spell library contained the following spells:

 Spells                   Type           Power      Damage    Failure   Level
 Animate Skeleton         Necr           0%         N/A       100%        1
 Pain                     Necr           0%         1d4       100%        1
 Vampiric Draining        Necr           0%         2d6       100%        3


Dungeon Overview and Level Annotations

Branches:
Dungeon (2/15)

Altars:


Innate Abilities, Weirdness & Mutations

You have a pair of horns on your head.
You reflexively headbutt those who attack you in melee.
Your flesh is heat resistant. (rF+)
You sometimes lose the ability to read scrolls when taking damage.


Message History

A quokka is nearby!
You barely miss the quokka. Your headbutt misses the quokka.
The quokka bites you.
You hit the quokka.
The quokka is severely wounded.
The quokka barely misses you. You furiously retaliate!
You headbutt the quokka, but do no damage.
The quokka bites you.
You slash the quokka!
You kill the quokka!
Found 3 poisoned darts.
Things that are here:
a +0 club; a goblin skeleton You pick up a book of Necromancy and begin reading...
You add the spells Pain, Animate Skeleton and Vampiric Draining to your library.
Done exploring.
Done exploring.
Search for what [? for help]? armour You see here a +0 chain mail.
h - a +0 chain mail You start removing your armour.
You continue taking off your +0 scale mail. x4
You finish taking off your +0 scale mail.
You start putting on your armour.
You continue putting on your +0 chain mail. x5
You finish putting on your +0 chain mail.
As you read the scroll labelled NEAFUMASOO, it crumbles to dust.
It is a scroll of identify.
g - a scroll of teleportation It was a potion of mutation.
You feel extremely strange.
You feel resistant to heat.
You lose the ability to read scrolls when threatened.
(D) Dungeon
Where to? (Enter - D:1 @ (x,y), ? - help)
What level of the Dungeon? (default 1, ? - help)
There is a staircase leading out of the dungeon here.
Are you sure you want to leave the Dungeon?
This will make you lose the game! [Y]es or [N]o only, please.
Are you sure you want to leave the Dungeon?
This will make you lose the game!
You have escaped!

#.##.......##.#######.### #....
#.#####.##..............# #....
#.#####.##.......≈......#####..##
#.......##......≈≈≈......##......
##########.......≈..........#..##
#..............###.#..##
#...≈...≈>..≈..###.#....
#..≈≈≈.≈≈≈.≈≈≈.....####.
#...≈..@≈...≈..##### #.
#..............# #.
#.......≈..^...### ###.
#......≈≈≈.......# #...
#.......≈......#.# #...
##.............#.# #...
########.#.#..#.# #... #...#.##.#
#... ###.#.##.# ####


There were no monsters in sight!

Vanquished Creatures
  A dart slug (D:1)
  An endoplasm (D:1)
  2 giant cockroaches (D:1)
  2 goblins (D:1)
  A hobgoblin (D:1)
  4 jackals (D:1)
  A quokka (D:1)
  A ball python (D:1)
  A frilled lizard (D:1)
  A rat (D:1)
15 creatures vanquished.

Notes
Turn   | Place    | Note
-------+----------+-------------------------------------------
     0 | D:1      | Peloso the Minotaur Fighter began the quest for the Orb.
     0 | D:1      | Reached XP level 1. HP: 19/19 MP: 0/0
    55 | D:1      | Reached XP level 2. HP: 27/27 MP: 1/1
   120 | D:1      | You fall into a shaft and drop 1 floor!
   616 | D:1      | Gained mutation: Your flesh is heat resistant. (rF+)
                  | [potion of mutation]
   616 | D:1      | Gained mutation: You sometimes lose the ability to read
                  | scrolls when taking damage. [potion of mutation]
   633 | D:$      | Got out of the dungeon alive.

Illustrated notes

Levels and vault maps discovered:
D:1:      minmay_arrival_five_plusses, layout_loops_cross
D:2:      layout_rooms, minmay_tiny_reverse_x

Skill      XL: |  1  2 |
---------------+-------+-----
Shields        | 4 |  4.2
Armour         | 4 |  4.0
Fighting       | |  3.9
Long Blades    | |  2.6

Action                   || total
-------------------------++-------
Melee: Long sword        ||    28
       Headbutt          ||     5
  Use: Scroll            ||     1
       Potion            ||     1
Armor: Scale mail        ||    13
Dodge: Dodged            ||    13
Block: Buckler           ||     3
